 Dungeon Crawl Stone Soup version 0.17.1-2-g5865329 (webtiles) character file.

2639 Metrazal the Covert (level 9, 0/41 HPs)
             Began as a Spriggan Assassin on Feb 7, 2016.
             Was a Follower of Elyvilon.
             Slain by a yak (8 damage)
             ... on level 7 of the Dungeon.
             The game lasted 01:04:23 (8221 turns).

Metrazal the Covert (Spriggan Assassin)             Turns: 8221, Time: 01:04:23

Health: 0/41       AC:  5    Str:  7    XL:     9   Next: 35%
Magic:  10/10      EV: 27    Int:  9    God:    Elyvilon [*.....]
Gold:   341        SH:  0    Dex: 21    Spells: 0 memorised, 8 levels left

rFire  . . .     SeeInvis +     c - +0 hunting sling
rCold  . . .     Clarity  .     C - +0 robe (curse)
rNeg   . . .     SustAt   .     (shield restricted)
rPois  +         Gourm    .     B - +2 hat
rElec  .         Spirit   .     L - +0 cloak
rCorr  .         Warding  .     (gloves unavailable)
rMut   .         Stasis   .     (boots unavailable)
MR     +....                    (no amulet)
Stlth  ++++++....               J - -3 ring of intelligence (curse)
                                N - ring of poison resistance

@: very quick, somewhat resistant to hostile enchantments, very stealthy
A: unfitting armour, see invisible, herbivore 3, speed 3, slow metabolism 2
a: Lesser Healing, Divine Protection, Renounce Religion


You were on level 7 of the Dungeon.
You worshipped Elyvilon.
Elyvilon was aware of your devotion.
You were not hungry.

You visited 1 branch of the dungeon, and saw 7 of its levels.

You collected 341 gold pieces.

Inventory:

Hand Weapons
 a - a +2 dagger
 b - a +0 blowgun
 c - a +0 hunting sling (weapon)
 d - a +0 shortbow
Missiles
 f - 28 stones (quivered)
 j - 119 arrows
 y - 46 sling bullets
Armour
 e - a +0 robe
 r - a +2 hat
 B - a +2 hat (worn)
 C - a cursed +0 robe (worn)
 L - a +0 cloak (worn)
Jewellery
 G - an uncursed ring of protection from cold
 I - an uncursed ring of positive energy
 J - a cursed -3 ring of intelligence (right hand)
 N - a ring of poison resistance (left hand)
Wands
 H - a wand of fire (10)
Scrolls
 h - 4 scrolls of identify
 k - 5 scrolls of teleportation
 m - a scroll of amnesia
 t - a scroll of recharging
 v - 3 scrolls of fear
 E - a scroll of enchant armour
Potions
 i - 3 potions of curing {unknown}
 l - a potion of agility {unknown}
 n - 2 potions of ambrosia {unknown}
 o - 3 potions of might {unknown}
 s - a potion of degeneration {unknown}
 u - a potion of flight {unknown}
 w - a potion of berserk rage {unknown}
 x - a potion of poison {unknown}
 z - 2 potions of brilliance {unknown}
 A - a potion of magic {unknown}
 F - a potion of invisibility {unknown}
 M - 2 potions of haste {unknown}
Comestibles
 g - 3 bread rations
 D - 4 fruits


   Skills:
 - Level 1.5 Fighting
 - Level 2.1 Short Blades
 * Level 9.6(9.7) Slings
 + Level 3.7 Bows
 - Level 2.0(5.4) Throwing
 + Level 9.3 Dodging
 + Level 11.6 Stealth


You had 8 spell levels left.
You didn't know any spells.

Dungeon Overview and Level Annotations

Branches:
Dungeon (7/15)             Temple (0/1) D:6

Altars:
Elyvilon
Kikubaaqudgha
Makhleb
Nemelex Xobeh
Okawaru
Ru
Vehumet
Xom
Zin
The Shining One


Innate Abilities, Weirdness & Mutations

You are tiny and cannot use many weapons and most armour.
You have supernaturally acute eyesight.
You are a herbivore.
You cover ground extremely quickly.
You need consume almost no food.


Message History

Press: ? - help, Shift-Dir - straight line, f/p - yak
Aim: a yak (almost dead)
You shoot a stone.
The stone hits the yak but does no damage.
The yak is almost dead.
The yak gores you!
* * * LOW HITPOINT WARNING * * *
Firing (i - inventory. (,) - cycle):
f - 30 stones (quivered)
Press: ? - help, Shift-Dir - straight line, f/p - yak
Aim: a yak (severely wounded)
You shoot a stone.
The stone hits the yak but does no damage.
The yak is severely wounded.
Firing (i - inventory. (,) - cycle):
f - 29 stones (quivered)
Press: ? - help, Shift-Dir - straight line, f/p - yak
Aim: a yak (severely wounded)
You shoot a stone. The stone hits the yak.
The yak is almost dead.
The yak gores you!
You die...

#.##...........##.
#รท###############>
#.#..............#
#.#.############.#
#.#.# #.# #.#.# #.#
#.#.# #.# #.#.# #.#
#@#.# #.# #Y#.# #.#
#(#.# #.# #.#.# #.#
##(#.# ######.#
#.(((#######.......
###..((..%%#.......
##.#.(((%#.......
#####'###.......


You could see a yak.

Vanquished Creatures
  A yak (D:7)
  A human (D:7)
  An orc warrior (D:7)
  2 sky beasts (D:5)
  A phantom (D:6)
  2 centaurs
  A big kobold (D:7)
  A giant frog (D:7)
  12 killer bees (D:7)
  2 scorpions
  A water moccasin skeleton (D:5)
  A vampire bat (D:5)
  5 crimson imps
  A giant frog zombie (D:4)
  3 giant frog skeletons
  2 jellies
  2 orc wizards
  Jessica (D:2)
  An orc priest (D:3)
  Terence (D:2)
  3 hounds
  5 worker ants
  A killer bee zombie (D:5)
  A quasit (D:5)
  2 sheep (D:7)
  A hound skeleton (D:4)
  3 gnolls (D:5)
  10 adders
  A worm (D:2)
  3 giant geckos
  17 orcs
  A ball python (D:3)
  8 bats
  2 bat skeletons (D:5)
  2 bat zombies (D:5)
  4 giant cockroaches
  8 hobgoblins
  5 jackals
  4 quokkas
  A giant newt (D:1)
  10 goblins
  A goblin skeleton (D:4)
  2 hobgoblin zombies (D:4)
  9 kobolds
  3 kobold skeletons (D:4)
  2 orc zombies (D:4)
  9 rats
160 creatures vanquished.

Notes
Turn   | Place    | Note
--------------------------------------------------------------
     0 | D:1      | Metrazal the Spriggan Assassin began the quest for the Orb.
     0 | D:1      | Reached XP level 1. HP: 10/10 MP: 2/2
    80 | D:1      | Reached skill level 6 in Stealth
   117 | D:1      | Reached XP level 2. HP: 14/14 MP: 3/3
   877 | D:2      | Reached XP level 3. HP: 18/18 MP: 4/4
   885 | D:2      | Noticed Terence
   891 | D:2      | Killed Terence
   891 | D:2      | Reached skill level 7 in Stealth
   894 | D:2      | Noticed Jessica
   902 | D:2      | Killed Jessica
   902 | D:2      | Reached XP level 4. HP: 22/22 MP: 5/5
  1887 | D:3      | Reached XP level 5. HP: 25/25 MP: 6/6
  1965 | D:3      | Reached skill level 1 in Slings
  2223 | D:3      | Reached skill level 5 in Dodging
  2223 | D:3      | Reached skill level 8 in Stealth
  2266 | D:3      | Found a shimmering altar of Xom.
  2266 | D:3      | Found a burning altar of Makhleb.
  2809 | D:4      | Reached XP level 6. HP: 30/30 MP: 7/7
  3529 | D:4      | Found a glowing golden altar of the Shining One.
  3648 | D:4      | Reached skill level 9 in Stealth
  3893 | D:4      | Reached XP level 7. HP: 29/33 MP: 8/8
  4078 | D:5      | Entered Level 5 of the Dungeon
  4288 | D:5      | Found a radiant altar of Vehumet.
  4294 | D:5      | Found a sacrificial altar of Ru.
  4297 | D:5      | Found a sparkling altar of Nemelex Xobeh.
  4298 | D:5      | Found a white marble altar of Elyvilon.
  4299 | D:5      | Found a glowing silver altar of Zin.
  4302 | D:5      | Became a worshipper of Elyvilon the Healer
  4304 | D:5      | Found an iron altar of Okawaru.
  4357 | D:5      | Reached skill level 5 in Slings
  4918 | D:5      | Found an ancient bone altar of Kikubaaqudgha.
  4941 | D:5      | Reached skill level 10 in Stealth
  5011 | D:5      | Reached XP level 8. HP: 35/37 MP: 9/9
  5423 | D:6      | Found a staircase to the Ecumenical Temple.
  5748 | D:6      | Reached skill level 1 in Bows
  5808 | D:6      | Reached * piety under Elyvilon
  6324 | D:7      | Reached skill level 11 in Stealth
  6989 | D:7      | Reached XP level 9. HP: 41/41 MP: 10/10
  8221 | D:7      | Slain by a yak

Action                   |  1- 3 |  4- 6 |  7- 9 || total
-------------------------+-------+-------+-------++-------
Melee: Dagger            |    15 |    18 |       ||    33
 Fire: Blowgun           |    34 |    22 |    14 ||    70
       Hunting sling     |       |   285 |   593 ||   878
Throw: Stone             |       |     6 |     1 ||     7
  Use: Scroll            |       |       |     9 ||     9
 Stab: Sleeping          |    19 |     7 |     7 ||    33
  Eat: Pizza             |       |       |     2 ||     2
